Map: Lightshade LE

Players

milkicow - Winner!

  • Race: Terran Terran
  • League: Grandmaster
  • Spawn Location: 11:00

SortOf

  • Race: Zerg Zerg
  • League: Grandmaster
  • Spawn Location: 5:00

Event: DreamHack SC2 Masters 2020 Winter

VOD

Have the link to the VOD?

Description

Time

  • Played on: Oct. 18, 2020, 2:23 p.m.
  • Length: 17:09

All games in this series

Show
View Real Time Build Order
Export as new Build Order

milkicow Terran - Winner!

Build Orders: Liberator Opening, Reaper Expand 

Get SALT Encoding   

  12  0:00  SCV  
  13  0:12  SCV  
  14  0:17  Supply Depot  
  14  0:24  SCV  
  15  0:38  SCV  
  15  0:39  Barracks  
  16  0:43  Refinery  
  16  0:50  SCV  
  17  1:03  SCV  
  18  1:15  SCV  
  19  1:25  Reaper  
  19  1:27  Orbital Command  
  20  1:39  Command Center  
  20  1:47  Supply Depot  
  20  1:52  SCV  
  21  1:57  Marine  
  22  2:04  SCV  
  23  2:08  Factory  
  23  2:16  SCV  
  23  2:20  Barracks Reactor  
  24  2:28  SCV  
  25  2:40  SCV  
  25  2:44  Command Center  
  26  2:51  Orbital Command  
  26  2:53  SCV  
  27  2:59  Starport  
  27  3:06  SCV  
  27  3:09  Hellion  
  32  3:13  Hellion  
  32  3:17  SCV  
  32  3:18  SCV  
  34  3:22  Refinery  
  34  3:24  Marine  
  35  3:29  SCV  
  35  3:30  SCV  
  35  3:33  Hellion  
  39  3:34  Hellion  
  41  3:41  SCV  
  41  3:43  SCV  
  43  3:51  Liberator  
  47  3:55  SCV  
  47  3:57  SCV  
  47  3:58  Orbital Command  
  47  4:01  Hellion x2, Barracks Tech Lab  
  52  4:06  Supply Depot  
  52  4:07  SCV  
  52  4:09  SCV  
  54  4:19  SCV  
  54  4:21  SCV, Stimpack, Marine  
  54  4:23  Hellion x2  
  61  4:28  SCV  
  61  4:29  Supply Depot  
  62  4:32  SCV  
  62  4:36  SCV  
  64  4:42  SCV  
  64  4:43  Starport Reactor, Marine  
  64  4:44  Barracks  
  64  4:47  SCV  
  64  4:51  Barracks  
  65  4:53  Engineering Bay  
  65  4:54  Factory Reactor  
  65  4:55  Refinery  
  65  4:56  SCV, Engineering Bay  
  65  4:59  SCV  
  67  5:01  SCV  
  67  5:03  Supply Depot, Marine  
  67  5:08  SCV  
  68  5:16  SCV  
  68  5:17  SCV  
  68  5:21  SCV, Marine  
  72  5:28  SCV  
  66  5:29  SCV  
  66  5:33  SCV  
  64  5:37  Marine  
  64  5:38  Marine  
  64  5:40  SCV, Terran Infantry Weapons Level 1, Terran Infantry Armor Level 1  
  64  5:42  Starport Reactor, Marine x3  
  68  5:43  Widow Mine  
  68  5:45  Barracks  
  68  5:46  Barracks  
  68  5:48  SCV, Orbital Command  
  72  5:52  SCV  
  72  5:53  Widow Mine  
  72  5:55  Marine  
  72  5:56  Marine  
  77  6:00  SCV, Combat Shield, Marine x3  
  81  6:04  SCV, Supply Depot  
  81  6:05  Supply Depot  
  82  6:12  SCV, Widow Mine  
  85  6:23  Supply Depot  
  85  6:26  SCV x3, Medivac x2, Marine x5, Widow Mine  
  85  6:27  Refinery  
  85  6:28  Bunker, Refinery  
  85  6:31  Supply Depot  
  99  6:36  Barracks Reactor x2  
  99  6:38  SCV  
  100  6:42  SCV  
  100  6:44  Marine x5  
  100  6:45  SCV  
  100  6:46  Widow Mine  
  109  6:47  Supply Depot  
  109  6:49  Supply Depot  
  109  6:50  Armory  
  109  6:52  SCV  
  109  6:56  SCV  
  109  6:57  SCV  
  106  7:02  Marine x5, Widow Mine  
  106  7:03  Medivac  
  106  7:07  Medivac  
  106  7:08  Widow Mine  
  114  7:12  Marine x2  
  117  7:20  Marine x2  
  117  7:21  Marine  
  117  7:22  Factory  
  120  7:24  Marine  
  120  7:25  Marine x2  
  120  7:27  Command Center  
  120  7:29  Marine  
  122  7:30  Marine  
  122  7:31  Marine  
  123  7:38  Marine  
  123  7:39  Marine  
  123  7:41  Widow Mine  
  123  7:42  Marine x2  
  123  7:43  Marine x2  
  66  7:44  Medivac, Widow Mine  
  130  7:45  Terran Infantry Weapons Level 2  
  130  7:49  Marine  
  130  7:51  Medivac, Marine  
  135  7:52  Supply Depot  
  135  7:55  Marine  
  135  7:56  Marine  
  135  7:57  Marine  
  129  7:58  SCV  
  129  8:00  Marine x2  
  129  8:01  SCV  
  129  8:02  Marine x2, Widow Mine  
  137  8:06  Barracks  
  137  8:07  SCV, Terran Infantry Armor Level 2, Barracks  
  137  8:09  Marine  
  137  8:10  Factory Tech Lab  
  137  8:12  SCV  
  140  8:13  SCV, Terran Vehicle And Ship Armor Level 1, Marine  
  140  8:16  Marine  
  140  8:17  Marine  
  140  8:19  Marine x2  
  145  8:20  Marine  
  145  8:21  SCV  
  145  8:23  Marine  
  145  8:25  Marine  
  147  8:28  Marine  
  147  8:31  Marine  
  147  8:33  Drilling Claws, Widow Mine  
  137  8:34  SCV, Marine  
  137  8:35  Marine  
  137  8:36  SCV, Marine  
  137  8:37  Marine  
  137  8:38  Marine  
  137  8:40  Marine  
  135  8:43  Marine  
  135  8:46  SCV, Marine  
  121  8:49  Marine  
  121  8:52  Marine  
  121  8:53  Widow Mine x2, Marine  
  121  8:54  Marine, Barracks Tech Lab x2  
  121  8:55  Marine  
  127  8:57  Widow Mine  
  127  8:58  Liberator  
  127  9:00  Marine  
  127  9:02  Marine  
  135  9:03  SCV  
  135  9:05  Marine  
  135  9:08  Marine  
  138  9:11  Marine  
  138  9:13  Marauder x2  
  138  9:14  Marauder, Widow Mine, Marine  
  148  9:19  Marine x2  
  148  9:20  Widow Mine  
  148  9:21  Marine  
  148  9:23  Marine  
  149  9:25  Marine  
  149  9:26  Marine  
  149  9:29  Marine  
  149  9:32  SCV, Marine  
  149  9:34  Marine  
  149  9:35  Marauder x2  
  149  9:36  Planetary Fortress  
  149  9:37  Marine x2  
  158  9:39  Marine  
  159  9:47  Marine  
  159  9:48  Marine x3  
  159  9:50  Marine  
  158  9:53  Marauder  
  158  9:56  Marauder  
  151  10:00  SCV, Marauder, Marine x2  
  151  10:01  SCV x2  
  151  10:02  Marine  
  151  10:05  Marine  
  150  10:07  Marine x3  
  150  10:08  Marine  
  150  10:13  SCV x2  
  157  10:14  Marauder  
  157  10:16  Terran Infantry Weapons Level 3  
  157  10:17  Marine x2  
  157  10:18  Marine  
  157  10:19  Widow Mine x2  
  163  10:29  Marauder  
  163  10:30  Supply Depot, Marine  
  163  10:31  Supply Depot  
  163  10:33  Marine  
  163  10:35  Marauder  
  172  10:36  Marauder  
  172  10:41  Marine  
  170  10:44  Command Center  
  170  10:46  Supply Depot  
  169  10:50  Marauder  
  169  10:54  Marine  
  169  10:56  Marine  
  169  10:57  Marauder  
  170  10:58  Marine  
  170  10:59  Marauder, Marine  
  170  11:01  Marine  
  170  11:02  Terran Infantry Armor Level 3  
  175  11:09  Marine  
  176  11:12  Marauder  
  176  11:18  Marauder  
  180  11:20  Marauder  
  152  11:29  Marine  
  152  11:30  Marine x7  
  159  11:33  Marauder  
  159  11:34  Fusion Core, Barracks  
  159  11:36  Supply Depot  
  159  11:37  Starport  
  159  11:39  Marauder  
  163  11:41  Marauder  
  161  11:52  Marine  
  161  11:53  Marine x4  
  161  11:54  Liberator x2  
  145  11:55  Marauder, Widow Mine x2  
  145  11:56  Siege Tank  
  145  12:01  Marauder  
  159  12:07  Marauder, Marine  
  162  12:10  Marine x2  
  162  12:14  Marine  
  162  12:15  SCV  
  166  12:16  Marauder, Widow Mine x2  
  166  12:22  Marauder, Barracks Tech Lab  
  169  12:23  Starport Reactor  
  169  12:25  SCV  
  169  12:28  Marauder  
  169  12:29  Marine x3  
  175  12:32  Sensor Tower  
  175  12:33  Planetary Fortress  
  175  12:37  Marauder  
  175  12:43  Medivac, Marauder  
  179  12:47  Refinery  
  179  12:48  Refinery x2, Marine  
  179  12:49  SCV x2, Missile Turret, Marauder, Refinery, Marine  
  179  12:50  SCV, Marine  
  187  13:02  Marine  
  187  13:03  Marauder  
  187  13:05  Marauder  
  186  13:10  Medivac  
  186  13:11  Medivac x2  
  181  13:20  Marauder, Marine  
  181  13:21  Marauder  
  181  13:24  Command Center  
  184  13:29  Marauder, Marine x2  
  184  13:32  Marine  
  189  13:37  Marauder, Marine x2  
  189  13:40  Marine  
  185  13:42  Marauder x2  
  185  13:43  Marine x2  
  185  13:46  Siege Tank  
  185  13:48  SCV, Marine  
  187  13:51  Marauder  
  187  13:54  Widow Mine  
  184  13:55  Liberator  
  184  13:56  Liberator  
  184  13:58  Marauder  
  184  14:01  Neosteel Armor  
  192  14:05  Medivac  
  192  14:07  Marauder  
  192  14:09  Command Center  
  188  14:12  Marauder  
  188  14:14  Sensor Tower  
  190  14:22  Widow Mine x2  
  190  14:23  Command Center  
  187  14:29  Marauder  
  186  14:32  Marauder  
  186  14:36  Marine  
  186  14:37  SCV, Marauder x2, Widow Mine, Marine  
  186  14:38  Marine  
  192  14:42  Marine x2  
  178  14:47  Marine  
  178  14:48  Marine  
  178  14:50  Marauder, Liberator  
  181  14:53  Marauder  
  181  14:55  Liberator  
  181  14:56  Marine  
  181  14:57  Widow Mine  
  181  14:58  Marauder  
  181  14:59  SCV  
  185  15:02  Marauder, Marine  
  185  15:03  SCV  
  185  15:04  Marine  
  179  15:08  Marine  
  179  15:09  Marine x2  
  179  15:12  Marauder  
  180  15:15  Marauder  
  180  15:16  Marine  
  180  15:20  Marauder  
  182  15:23  Marine  
  182  15:24  Marauder  
  169  15:30  Marine  
  169  15:33  Marauder, Marine  
  169  15:34  Marine x2  
  165  15:36  Marauder  
  165  15:38  Marine  
  165  15:39  SCV  
  165  15:40  Marine  
  165  15:41  Marauder  
  157  15:43  Medivac x2, Widow Mine x3  
  157  15:44  Marine  
  157  15:45  Marauder  
  162  15:55  Medivac, Marauder  
  162  15:56  Marine  
  155  15:57  Marauder  
  155  16:02  Marauder, Marine  
  159  16:07  Marauder  
  161  16:13  Medivac  
  161  16:14  Medivac  
  161  16:15  Marine, Widow Mine x2  
  161  16:16  Marauder  
  172  16:19  Planetary Fortress, Marauder  
  172  16:21  Medivac, Refinery  
  172  16:22  Marine  
  172  16:24  Marauder  
  179  16:26  Orbital Command  
  179  16:27  Marine  
  179  16:28  Marauder  
  179  16:30  Widow Mine, Marine  
  182  16:37  Marauder  
  182  16:38  Marine  
  182  16:39  SCV, Marine x4  
  184  16:40  Marauder, Widow Mine  
  184  16:41  Marine  
  184  16:45  Marauder, Marine  
  192  16:48  Marine  
Show
View Real Time Build Order
Export as new Build Order

SortOf Zerg 

Build Orders: Hatch First 

Get SALT Encoding   

  12  0:00  Drone  
  13  0:12  Overlord  
  13  0:16  Drone  
  14  0:31  Drone x2  
  16  0:48  Hatchery  
  15  0:51  Drone  
  15  0:54  Drone  
  17  0:58  Drone  
  18  1:08  Extractor  
  17  1:13  Spawning Pool  
  17  1:16  Drone  
  17  1:19  Drone  
  18  1:28  Drone  
  20  1:40  Drone  
  20  1:49  Drone  
  21  2:00  Overlord, Queen x2  
  26  2:01  Zergling x2  
  26  2:10  Zergling x2  
  26  2:12  Drone  
  28  2:20  Extractor  
  27  2:23  Drone x2  
  29  2:31  Metabolic Boost  
  29  2:32  Overlord  
  29  2:35  Queen  
  29  2:36  Drone, Extractor  
  31  2:48  Drone  
  32  2:51  Drone  
  32  2:56  Hatchery  
  32  2:58  Drone x2  
  35  3:05  Drone x2  
  37  3:10  Queen  
  39  3:13  Drone x2  
  39  3:15  Drone  
  39  3:17  Drone  
  43  3:24  Zergling x2  
  44  3:30  Overlord  
  44  3:37  Overlord  
  44  3:48  Queen x2  
  44  3:49  Drone x2  
  44  3:50  Drone  
  44  3:52  Zergling x2  
  52  4:00  Zergling x4  
  52  4:02  Drone x4  
  58  4:08  Drone  
  59  4:11  Drone x2  
  59  4:13  Queen  
  59  4:15  Drone  
  64  4:18  Drone  
  64  4:20  Overlord, Drone  
  64  4:24  Spore Crawler  
  65  4:25  Drone  
  65  4:29  Overlord  
  65  4:30  Spore Crawler, Evolution Chamber x2  
  65  4:31  Drone x2  
  64  4:38  Zergling x2  
  65  4:40  Overlord  
  65  4:43  Drone x3  
  68  4:46  Zergling x2, Spore Crawler  
  68  4:49  Extractor  
  68  4:50  Zergling x8  
  71  4:57  Zerg Melee Weapons Level 1, Zerg Ground Armor Level 1  
  71  4:58  Drone x3  
  74  5:02  Drone x2  
  74  5:08  Drone x3  
  74  5:14  Drone x4  
  81  5:20  Drone  
  78  5:29  Drone x5  
  78  5:35  Drone x5  
  84  5:40  Lair  
  84  5:42  Drone x3, Baneling Nest  
  84  5:43  Drone  
  85  5:50  Extractor  
  85  5:51  Zergling x6, Extractor  
  85  5:52  Extractor  
  85  5:57  Queen  
  85  6:03  Queen  
  89  6:04  Overlord  
  89  6:06  Overlord x3  
  89  6:12  Hatchery  
  89  6:18  Overlord  
  88  6:21  Overlord  
  88  6:24  Hatchery, Zergling x8  
  91  6:26  Baneling x3  
  91  6:34  Zergling x12  
  91  6:37  Drone x2  
  91  6:39  Drone  
  101  6:40  Drone  
  101  6:41  Drone  
  102  6:47  Zergling x12  
  102  6:49  Centrifical Hooks  
  102  6:52  Infestation Pit  
  107  6:56  Zerg Ground Armor Level 2  
  104  7:03  Drone x6  
  104  7:07  Drone x3  
  112  7:09  Baneling x3  
  112  7:10  Overseer, Baneling  
  112  7:12  Drone  
  113  7:18  Overlord  
  113  7:20  Zergling x8  
  117  7:24  Zergling x6  
  117  7:26  Drone x3  
  123  7:38  Zergling x18  
  132  7:44  Zergling x2  
  132  7:46  Queen  
  132  7:47  Overlord  
  132  7:49  Hive, Pneumatized Carapace  
  130  7:56  Zergling x16  
  128  7:59  Overseer  
  128  8:08  Zergling x12  
  128  8:09  Zergling x10  
  139  8:16  Extractor x2  
  139  8:17  Spore Crawler  
  139  8:19  Zergling x12  
  142  8:21  Baneling x9  
  135  8:29  Hatchery  
  135  8:30  Zergling x14  
  135  8:33  Baneling  
  124  8:34  Zergling x10  
  124  8:36  Queen  
  125  8:43  Zergling x12  
  125  8:46  Zergling x4  
  121  8:58  Zergling x14  
  121  8:59  Baneling x2  
  121  9:00  Baneling x12  
  121  9:02  Zergling x10  
  133  9:06  Adrenal Glands  
  133  9:08  Ultralisk Cavern  
  130  9:13  Zergling x10  
  131  9:29  Zergling x10  
  132  9:34  Zerg Melee Weapons Level 2  
  132  9:35  Zerg Ground Armor Level 3  
  131  9:38  Queen  
  131  9:40  Baneling x9  
  131  9:44  Drone x6  
  138  9:46  Zergling x24  
  138  9:51  Baneling x9  
  142  10:04  Zergling x6  
  142  10:10  Chitinous Plating  
  146  10:14  Ultralisk x2  
  146  10:16  Drone x3  
  152  10:23  Viper  
  152  10:26  Zergling x12  
  154  10:30  Drone x2  
  154  10:31  Drone x2  
  154  10:33  Spore Crawler  
  148  10:46  Ultralisk  
  148  10:47  Extractor  
  139  10:57  Ultralisk  
  139  11:00  Zergling x4  
  139  11:02  Overlord x2  
  147  11:07  Overlord, Baneling x8  
  147  11:15  Baneling x4  
  147  11:24  Zergling x44  
  144  11:26  Overseer  
  144  11:31  Ultralisk  
  136  11:39  Ultralisk x3  
  154  11:41  Zergling x4  
  154  11:48  Zergling x6  
  153  11:59  Zerg Melee Weapons Level 3  
  153  12:00  Baneling x7  
  151  12:02  Zergling x6, Overseer  
  151  12:04  Drone  
  151  12:06  Overlord x2  
  151  12:07  Overlord x3  
  151  12:08  Overseer  
  149  12:27  Drone x9  
  149  12:29  Zergling x14, Ultralisk  
  170  12:34  Baneling  
  170  12:38  Viper  
  170  12:40  Spire  
  170  12:46  Overlord  
  170  12:47  Overseer  
  170  12:49  Zergling x12  
  176  12:54  Hatchery  
  176  12:55  Baneling  
  176  12:56  Overseer  
  173  13:03  Zergling x28  
  170  13:09  Zergling x12  
  175  13:15  Baneling x6  
  175  13:16  Zergling x4  
  176  13:26  Zergling x6  
  174  13:30  Baneling x2  
  152  13:51  Drone, Corruptor x3  
  152  13:52  Corruptor  
  157  13:58  Drone x4  
  154  14:12  Zergling x16  
  154  14:13  Zergling x4  
  164  14:20  Hatchery  
  163  14:30  Ultralisk  
  163  14:31  Ultralisk x3  
  175  14:36  Zergling x2, Ultralisk  
  164  14:45  Zergling x2, Ultralisk x2  
  162  14:48  Baneling x6  
  161  14:58  Zergling x8, Ultralisk  
  168  15:02  Zergling x10  
  152  15:08  Ultralisk  
  152  15:09  Zergling x2  
  154  15:17  Zergling x8  
  154  15:18  Zergling x4  
  160  15:22  Zergling x6  
  160  15:24  Zergling x2  
  160  15:27  Zergling x4  
  157  15:34  Zergling x4  
  129  15:44  Zergling x14  
  133  15:54  Zergling x10  
  130  16:03  Corruptor  
  127  16:18  Overseer, Baneling x4  
  124  16:25  Hatchery  
  121  16:36  Zergling x4  
  121  16:37  Zergling x8  
  113  16:49  Overlord x2  
Tags
 
Add a new tag
Caveats
  • Supply blocks, unpowered buildings, or Contaminate may cause inaccurate times.
  • Supply counts are checked every 10 seconds.